 Dungeon Sprint DCSS version 0.31-a0-844-gdc52ec4e09 (webtiles) character file.

Game seed: 17291049902181719912

9 sircluck the Ruffian (level 2, -10/46 HPs)
             Began as a Troll Berserker on Sept 29, 2023.
             Was a Follower of Trog.
             Mangled by a shadow wraith (23 damage)
             ... in the Dungeon (Sprint VII: "The Pits").
             The game lasted 00:00:38 (29 turns).

sircluck the Ruffian (Troll Berserker)                Turns: 29, Time: 00:00:39

Health: -10/46     AC:  4    Str: 24    XL:     2   Next: 3%
Magic:  1/1        EV: 10    Int:  3    God:    Trog [*.....]
Gold:   0          SH:  0    Dex:  9    Spells: 1/1 levels left

rFire   . .          .
                       - Unarmed
rCold   . . .        (no shield)
rNeg    . . .        a - +0 animal skin
rPois   .            (helmet restricted)
rElec   .            (no cloak)
rCorr   .            (gloves unavailable)
SInv    .            (boots unavailable)
Will    .....        (no amulet) Stlth
                     (no ring)
HPRegen 1.07/turn    (no ring)
MPRegen 0.07/turn

%: no teleportation
@: berserking (expiring), slowed
A: large, unfitting armour, claws 3, regeneration 1, shaggy fur 1, tough skin 1
a: Renounce Religion, Berserk


You were in the Dungeon.
You worshipped Trog.
Trog was aware of your devotion.
You visited 1 branch

Inventory:

Armour
 a - a +0 animal skin (worn)
Scrolls
 g - a scroll of blinking
Potions
 b - a potion of curing
 c - a potion of heal wounds
 d - a potion of haste
 e - 2 potions of magic
 f - a potion of berserk rage


   Skills:
 + Level 3.1 Fighting
 + Level 3.1 Dodging
 + Level 3.8 Unarmed Combat


You had one spell level left.
You didn't know any spells.
Your spell library was empty.

Dungeon Overview and Level Annotations

Branches:
Dungeon (1/1)

Altars:

Annotations:
D Erolcha


Innate Abilities, Weirdness & Mutations

You are too large for most types of armour.
You have claws for hands.
Your natural rate of healing is unusually fast.
You are covered in fur. (AC +1)
You have tough skin. (AC +1)


Message History

You open the huge gate.
There is a huge open gate to the Metal Vault (Medium) here.
There is a huge open gate to the Metal Vault (Medium) here.
As you open the large door, it creaks loudly!
An adder and Erolcha come into view.
The adder hisses angrily.
Erolcha shouts!
The adder bites you.
You miss the adder. The adder bites you but does no damage.
You scratch the adder.
The adder is heavily wounded.
The adder bites you.
A red film seems to cover your vision as you go berserk!
You feel yourself moving faster!
You feel mighty! The adder barely misses you.
You miss the adder.
The adder is heavily wounded.
The adder bites you but does no damage.
You claw the adder!
You kill the adder!
Trog accepts your kill.
Your Fighting skill increases to level 3!
Your Dodging skill increases to level 3!
You have reached level 2!
Unknown command.
Deactivating autopickup; reactivate with Ctrl-A.
You claw something! You barely miss something. Something hits you!
Something drains your vigour!
You feel yourself slow down.
You scratch something. Something hits you. Something drains your vigour!
You feel as though you will be slow longer.
Erolcha casts a spell.
Erolcha flickers and vanishes!
You claw something! Something hits you. Something drains your vigour!
You feel as though you will be slow longer.
You hear some strange, mumbled words.
You scratch something. Something hits you!
You claw something! Something hits you!
* * * LOW HITPOINT WARNING * * *
Something hits you!!
Ouch! That really hurt!
You die...

#................+
+................+
#......#..#......#
#................#
####'#####''######
#.......##''#####
#.......##......#
#.......##.{....#
#...<...###@...##
#.......# ##{'##
#.......# .ยง..#
#.......# O.....#
##########......+
#......# ##....##
##++##


There were no monsters in sight!

Vanquished Creatures
  An adder (D)
1 creature vanquished.

Notes
Turn   | Place    | Note
-------+----------+-------------------------------------------
     0 | D        | sircluck the Troll Berserker began the quest for the Orb.
     0 | D        | Reached XP level 1. HP: 22/22 MP: 0/0
    17 | D        | Noticed Erolcha
    24 | D        | Reached XP level 2. HP: 31/31 MP: 1/1
    29 | D        | Mangled by a shadow wraith

Illustrated notes

Levels and vault maps discovered:
D:        pitsprint [storerooms_1, entrance_room_1, metal_vault_2, armoury_1,
          mini_pit_1, grid_room_1, main_hall_1, silver_pit, the_coven_2,
          the_vestibule_1, steel_vault_3, golden_pit, hallway_of_sentries,
          crystal_vault_6, iron_vault_4, final_vault]

Skill      XL: |  1 |
---------------+----+-----
Fighting       | 3 |  3.1
Dodging        | 3 |  3.1
Unarmed Combat | |  3.8

Action                     || total
---------------------------++-------
  Melee: Unarmed           ||    10
 Invoke: Berserk           ||     1
 Armour: Animal skin       ||    10
  Dodge: Dodged            ||     1

Table legend: (Time is in decaauts)
 A = Elapsed time spent in this place.
 B = Non-inter-level travel time spent in this place.
 C = Inter-level travel time spent in this place.
 D = Time resting spent in this place.
 E = Time spent auto-exploring this place.
 F = Levels seen in this place.
 G = Mean time per level.
                   A        B        C        D        E       F      G
               +--------+--------+--------+--------+--------+-----+--------+
         Total |     27 |     27 |      0 |      0 |     17 |   1 |   27.0 |
       Dungeon |     27 |     27 |      0 |      0 |     17 |   1 |   27.0 |
               +--------+--------+--------+--------+--------+-----+--------+

Top non-repeatable levels by time:
       D: 27 daAuts
